 Dungeon Crawl Stone Soup version 0.21.0-3-g78d12a8 (webtiles) character file.

198517 nikopol the Severer (level 17, -4/243 HPs)
             Began as a Minotaur Berserker on Jan 15, 2018.
             Was the Champion of Trog.
             Slain by an eldritch tentacle (9 damage)
             ... called by a Zot trap
             ... on level 2 of the Snake Pit.
             The game lasted 02:05:50 (34031 turns).

nikopol the Severer (Minotaur Berserker)           Turns: 34031, Time: 02:05:50

Health: -4/243     AC: 24    Str: 23 (24) XL:     17   Next: 81%
Magic:  0/16       EV: 19    Int:  4      God:    Trog [******]
Gold:   2570       SH:  0    Dex: 15 (16) Spells: 16/16 levels left

rFire    + + .     SeeInvis .   a - +8 battleaxe (freeze)
rCold    . . .     Gourm    .   (shield currently unavailable)
rNeg     . . .     Faith    .   P - +2 chain mail {rF+}
rPois    +         Spirit   +   w - +1 hat of the Hanged Man {rCorr Stlth+}
rElec    +         Reflect  .   d - +1 cloak "Holose Tuekk" {rElec rF+ rCorr}
rCorr    +         Harm     .   V - +2 pair of gloves {archery}
MR       +....                  Y - +2 pair of boots {run}
Stlth    ..........             F - amulet of guardian spirit
HPRegen  0.50/turn              Z - +5 ring of evasion
MPRegen  0.15/turn              q - ring of poison resistance

@: berserking, drained, very quick
A: retaliatory headbutt, horns 2, [deterioration 2], [weak 2]
}: 1/15 runes: decaying
a: Berserk, Trog's Hand, Brothers in Arms, Burn Spellbooks, Renounce Religion


You were on level 2 of the Snake Pit.
You worshipped Trog.
Trog was exalted by your worship.
You were near starving.

You visited 5 branches of the dungeon, and saw 29 of its levels.
You visited the Abyss 1 time.
You also visited: Ossuary and Ice Cave.

You collected 3374 gold pieces.
You spent 804 gold pieces at shops.

Inventory:

Hand Weapons
 a - a +8 battleaxe of freezing (weapon)
 z - a +9 triple crossbow of freezing
Missiles
 s - 427 bolts
Armour
 d - the +1 cloak "Holose Tuekk" (worn) {rElec rF+ rCorr}
   (You found it on level 1 of the Swamp)

   It protects you from fire.
   It insulates you from electricity.
   It protects you from acid and corrosion.
 f - the +4 ring mail "Catiyq" {rN+ Str+2}
   (You took it off a kobold on level 7 of the Dungeon)

   It affects your strength (+2).
   It protects you from negative energy.
 w - the +1 hat of the Hanged Man (worn) {rCorr Stlth+}
   (You found it in an ice cave)

   It protects you from acid and corrosion.
   It makes you more stealthy.
 D - a scarf of cloud immunity
 H - a scarf of repulsion
 P - a +2 chain mail of fire resistance (worn)
 V - a +2 pair of gloves of archery (worn)
 Y - a +2 pair of boots of running (worn)
Jewellery
 j - an uncursed ring of positive energy
 l - the ring "Pevyhoj" {+Blink rF+}
   (You found it on level 15 of the Dungeon)

   [ring of protection from fire]

   It protects you from fire.
   It lets you blink.
 q - a ring of poison resistance (right hand)
 F - an amulet of guardian spirit (around neck)
 K - the ring of Bajeuveff {Int+3 SInv}
   (You found it on level 15 of the Dungeon)

   [ring of see invisible]

   It affects your intelligence (+3).
   It lets you see invisible.
 W - the ring of the Burgomaster {+Inv rC+ EV+3}
   (You found it on level 15 of the Dungeon)

   [ring of evasion]

   It affects your evasion (+3).
   It protects you from cold.
   It lets you turn invisible.
 Z - a +5 ring of evasion (left hand)
Wands
 E - a wand of paralysis (49)
 I - a wand of disintegration (24)
 M - a wand of iceblast (52)
 N - a wand of flame (66)
 O - a wand of acid (28)
 Q - a wand of scattershot (6)
Scrolls
 i - 3 scrolls of enchant armour
 m - 6 scrolls of fear
 n - a scroll of enchant weapon
 p - 6 scrolls of magic mapping
 t - 14 scrolls of teleportation
 x - 16 scrolls of remove curse
 y - a scroll of brand weapon
 C - 4 scrolls of blinking
 R - 3 scrolls of identify
 S - 7 scrolls of fog
 X - 2 scrolls of silence
Potions
 b - a potion of berserk rage
 e - 5 potions of ambrosia
 g - 2 potions of might
 h - 20 potions of curing
 k - 3 potions of cancellation
 o - 11 potions of heal wounds
 r - 7 potions of brilliance
 u - 2 potions of resistance
 v - 2 potions of invisibility
 A - 2 potions of agility
 B - 10 potions of flight
 J - 4 potions of haste
 L - 4 potions of magic
Comestibles
 c - 51 rations


   Skills:
 + Level 17.6(17.1) Fighting
 + Level 19.9(19.4) Axes
 + Level 19.1(18.6) Crossbows
 + Level 12.4(12.0) Armour
 + Level 9.4(9.1) Dodging
 + Level 4.3(4.0) Stealth


You had 16 spell levels left.
You didn't know any spells.

Dungeon Overview and Level Annotations

Branches:
Dungeon (15/15)            Temple (0/1) D:5            Lair (6/6) D:10
  Swamp (4/4) Lair:2        Snake (2/4) Lair:2        Slime (0/5) Lair:5
    Orc (2/2) D:11            Elf (0/3) Orc:2        Vaults (0/5) D:13
 Depths (0/5) D:15

Altars:
Cheibriados
Dithmenos
Fedhas
Gozag
Kikubaaqudgha
Nemelex Xobeh
Okawaru
Qazlal
Sif Muna
Trog
Uskayaw
Vehumet
Wu Jian
Xom
The Shining One
Beogh
Jiyva

Shops:
D:7 ?(   Orc:1 [   Orc:2 ?[(:   Snake:2 (

Annotations:
D:3 2 transporters


Innate Abilities, Weirdness & Mutations

You reflexively headbutt those who attack you in melee.
You have a pair of horns on your head.
[Your body often deteriorates upon taking damage.]
[You are very weak. (Str -4)]


Message History

The eldritch tentacle claws you but does no damage.
The eldritch tentacle completely misses you.
You furiously retaliate!
You headbutt the eldritch tentacle. The eldritch tentacle claws you!
* * * LOW HITPOINT WARNING * * *
An eldritch tentacle segment comes into view.
A red film seems to cover your vision as you go berserk!
You feel yourself moving faster!
You feel mighty!
You are near starving!
The eldritch tentacle closely misses you.
You furiously retaliate!
You headbutt the eldritch tentacle. The eldritch tentacle claws you!
* * * LOW HITPOINT WARNING * * *
You feel drained.
* * * LOW HITPOINT WARNING * * *
An eldritch tentacle segment comes into view.
You cut the eldritch tentacle segment into ribbons!!!
The eldritch tentacle segment is severely damaged.
You hit the eldritch tentacle. The eldritch tentacle slaps you!
You die...

# #.......>##
.#
##.......##
## #........#
# ##......##
# #......# #
#......# .
#......# .
#......###
###..*@..^.#
......w(....#
...........##
........(..#
..........##
..........#
...........
.####......#
#......#


You could see an eldritch tentacle.

Vanquished Creatures
  A bone dragon (Abyss:3)
  Jorgrun (Swamp:3)
  Rupert (D:12)
  A tentacled monstrosity (Swamp:4)
  An Ice Fiend (IceCv)
  A tengu reaver (Abyss:3)
  A tentacled starspawn (Abyss:3)
  3 thorn hunters
  3 nagarajas (Snake:2)
  A frost giant (D:15)
  Aizul (Swamp:2)
  A stone giant (Orc:1)
  Azrael (D:15)
  Snorg (D:13)
  2 green deaths (Swamp:4)
  An ettin (D:15)
  A yaktaur captain (D:15)
  A great orb of eyes (D:15)
  13 hydras
  4 vault guards (D:15)
  2 naga warriors (Snake:1)
  2 rakshasas (D:15)
  2 anacondas
  3 catoblepae (Lair:6)
  6 centaur warriors
  Erica (D:10)
  2 ogre magi (D:14)
  A deep troll shaman (D:15)
  10 two-headed ogres
  The ghost of baljet the Severer, a novice HOFi of Makhleb (D:9)
  2 death knights
  2 ghost crabs
  13 death yaks
  4 tengu warriors
  2 alligators
  2 thrashing horrors (Swamp:4)
  An orc high priest (Orc:1)
  2 naga sharpshooters
  Nergalle (D:10)
  A sea snake (Snake:2)
  3 shock serpents
  A wretched star (Abyss:3)
  4 skeletal warriors
  A spriggan druid (Swamp:2)
  8 swamp dragons
  2 unseen horrors
  A phantasmal warrior (D:12)
  A shambling mangrove (Swamp:4)
  A wizard (D:13)
  A deep elf archer (D:11)
  2 orc knights
  An oklob plant (Lair:4)
  A mana viper (Snake:2)
  A deep elf mage (D:13)
  5 cyclopes
  An elephant (Lair:6)
  6 orc sorcerers
  3 worldbinders (Abyss:3)
  13 ugly things
  7 manticores
  4 salamanders
  A water nymph (Abyss:3)
  Maurice (D:12)
  3 guardian serpents
  12 black mambas
  4 naga magi
  An ice statue (IceCv)
  2 gargoyles
  2 kobold demonologists
  9 komodo dragons
  15 spiny frogs
  2 orange demons (Swamp:4)
  5 rime drakes
  4 tengu conjurers
  6 anaconda simulacra (IceCv)
  A yaktaur (D:15)
  An efreet (D:15)
  7 freezing wraiths
  2 golden dragon simulacra (IceCv)
  7 trolls
  8 ice devils
  4 meliai
  A polar bear (Lair:6)
  6 tyrant leeches
  2 wolf spider simulacra
  15 blink frogs
  3 raiju (Abyss:3)
  3 hornets
  7 bog bodies
  24 slime creatures
  7 dream sheep (Lair:6)
  7 hippogriffs
  3 spriggans (Swamp:2)
  A vampire (D:13)
  2 water elementals
  5 wraiths
  A dire elephant simulacrum (IceCv)
  8 shadows
  2 fire elementals (D:15)
  4 wyverns
  55 yaks
  4 hogs (D:8)
  Grum (D:11)
  A human (D:8)
  5 basilisks
  4 hungry ghosts
  17 vampire mosquitoes
  A death yak simulacrum (IceCv)
  Edmund (D:6)
  7 wargs
  4 large abominations
  16 swamp worms
  4 harpy simulacra (IceCv)
  4 acid dragons
  2 iron troll simulacra (IceCv)
  18 nagas
  9 insubstantial wisps
  12 water moccasins
  4 hell hounds
  2 hydra simulacra (IceCv)
  4 porcupines
  2 floating eyes (D:15)
  27 orc warriors
  6 ice beasts
  A black bear (D:9)
  9 swamp drakes
  4 sky beasts
  2 ettin simulacra (IceCv)
  A hornet zombie (Ossuary)
  5 phantoms
  2 eyes of draining
  An eye of draining (shapeshifter) (D:15)
  2 necrophages
  7 centaurs
  30 wolves
  4 boggarts (D:15)
  9 ogres
  8 crocodiles
  2 big kobolds (D:7)
  A wyvern zombie (Ossuary)
  19 bullfrogs
  A gnoll sergeant (D:10)
  A wyvern skeleton (D:6)
  9 scorpions
  An elephant simulacrum (IceCv)
  4 killer bees (D:11)
  5 wights
  6 howler monkeys (D:12)
  2 electric eels
  8 crimson imps
  A small abomination (Swamp:4)
  6 bullfrog zombies
  3 draconian simulacra (IceCv)
  Crazy Yiuf (D:4)
  3 bullfrog skeletons
  5 centaur zombies
  5 hounds
  41 orc wizards
  6 orc priests
  3 centaur skeletons
  4 jellies
  7 iguanas
  6 worker ants
  2 troll simulacra (IceCv)
  4 centaur simulacra (IceCv)
  2 hound zombies
  20 mummies (Ossuary)
  A worker ant zombie (Ossuary)
  2 howler monkey zombies (Ossuary)
  7 gnolls
  4 naga simulacra (IceCv)
  16 adders
  4 shadow imps
  8 white imps (IceCv)
  5 ufetubi (IceCv)
  2 oozes (D:3)
  3 adder zombies
  A worm (D:4)
  An adder skeleton (D:4)
  3 dart slugs
  6 leopard geckos
  102 orcs
  7 bats
  8 giant cockroaches
  14 goblins
  17 hobgoblins
  8 jackals
  A quokka (D:2)
  2 ball pythons
  A ball python skeleton (D:5)
  A ball python zombie (Ossuary)
  3 frilled lizards
  21 kobolds
  A leopard gecko zombie (Ossuary)
  A quokka skeleton (D:4)
  2 quokka zombies (Ossuary)
  6 rats
  3 briar patches (Swamp:2)
  7 fungi
1106 creatures vanquished.

Vanquished Creatures (others)
  A spriggan druid (Swamp:3)
  An orc wizard (Orc:2)
  An orc (Orc:2)
  A bush (Lair:5)
  6 fungi
  20 plants
  A withered plant (Ossuary)
31 creatures vanquished.

Grand Total: 1137 creatures vanquished

Notes
Turn   | Place    | Note
-------+----------+-------------------------------------------
     0 | D:1      | nikopol the Minotaur Berserker began the quest for the Orb.
     0 | D:1      | Reached XP level 1. HP: 19/19 MP: 0/0
   329 | D:1      | Reached XP level 2. HP: 19/27 MP: 1/1
  1131 | D:2      | Reached XP level 3. HP: 23/33 MP: 2/2
  1248 | D:2      | Reached ** piety under Trog
  1989 | D:3      | Found a transporter.
  1990 | D:3      | Noticed an orc warrior
  1993 | D:3      | Found a transporter.
  1999 | D:3      | Noticed a hippogriff
  2036 | D:3      | Reached XP level 4. HP: 40/40 MP: 3/3
  2101 | D:3      | Found an ancient bone altar of Kikubaaqudgha.
  2103 | D:3      | Found a snail-covered altar of Cheibriados.
  2269 | D:3      | Reached skill level 1 in Crossbows
  2311 | D:3      | Reached skill level 5 in Axes
  2774 | D:4      | Reached XP level 5. HP: 33/47 MP: 4/4
  2789 | D:4      | Found a sand-covered staircase.
  2793 | Ossuary  | Entered an ossuary
  2823 | Ossuary  | Reached skill level 1 in Stealth
  2838 | Ossuary  | Reached *** piety under Trog
  2874 | Ossuary  | Reached XP level 6. HP: 16/53 MP: 5/5
  3351 | Ossuary  | Reached XP level 7. HP: 40/60 MP: 6/6
  3418 | Ossuary  | Reached skill level 5 in Fighting
  4112 | D:4      | Found a runed door.
  4116 | D:4      | Noticed Crazy Yiuf
  4121 | D:4      | Killed Crazy Yiuf
  4184 | D:4      | Reached XP level 8. HP: 70/70 MP: 7/7
  4191 | D:4      | Found a shadowy altar of Dithmenos.
  4338 | D:4      | Reached **** piety under Trog
  4536 | D:5      | Entered Level 5 of the Dungeon
  4549 | D:5      | Received a gift from Trog
  4706 | D:5      | Reached skill level 5 in Crossbows
  4734 | D:5      | Received a gift from Trog
  4798 | D:5      | Found a staircase to the Ecumenical Temple.
  5619 | D:6      | Noticed Edmund
  5628 | D:6      | Killed Edmund
  5628 | D:6      | Reached skill level 5 in Armour
  5740 | D:6      | Reached XP level 9. HP: 61/79 MP: 6/8
  5843 | D:6      | Found an ornate altar of the Wu Jian Council.
  5844 | D:6      | Found a shadowy altar of Dithmenos.
  5845 | D:6      | Found a deep blue altar of Sif Muna.
  5845 | D:6      | Found a shimmering altar of Xom.
  6110 | D:6      | Found a blossoming altar of Fedhas.
  6202 | D:6      | Found a sparkling altar of Nemelex Xobeh.
  6203 | D:6      | Found an opulent altar of Gozag.
  6272 | D:7      | Noticed a troll
  6279 | D:7      | Killed a troll
  6306 | D:7      | Found Jiarexi's Magic Scroll Boutique.
  6315 | D:7      | Bought a scroll of teleportation for 33 gold pieces
  6315 | D:7      | Bought a scroll of enchant weapon for 82 gold pieces
  6342 | D:7      | Received a gift from Trog
  6377 | D:7      | Reached ***** piety under Trog
  6443 | D:7      | Found Neliqo's Weapon Boutique.
  6521 | D:7      | Got a jewelled ring mail
  6535 | D:7      | Identified the +4 ring mail "Catiyq" {rN+ Str+2} (You took it off a kobold on level 7 of the Dungeon)
  7204 | D:8      | Received a gift from Trog
  7204 | D:8      | Reached XP level 10. HP: 63/88 MP: 6/9
  7318 | D:8      | Found a hide-covered altar of Uskayaw.
  7318 | D:8      | Found a stormy altar of Qazlal.
  7399 | D:8      | Found a bloodstained altar of Trog.
  7501 | D:9      | Noticed a two-headed ogre
  7508 | D:9      | Killed a two-headed ogre
  7508 | D:9      | Reached skill level 10 in Crossbows
  7664 | D:9      | Noticed baljet's ghost (novice HOFi)
  7677 | D:9      | Killed baljet's ghost
  7783 | D:9      | Noticed a two-headed ogre
  7789 | D:9      | Killed a two-headed ogre
  7789 | D:9      | Reached skill level 10 in Axes
  8217 | D:9      | Reached XP level 11. HP: 97/97 MP: 10/10
  8317 | D:10     | Entered Level 10 of the Dungeon
  8508 | D:10     | Found a staircase to the Lair.
  8560 | D:10     | Noticed Nergalle
  8569 | D:10     | Killed Nergalle
  8673 | D:10     | Noticed Erica
  8683 | D:10     | Killed Erica
  8725 | D:10     | Reached skill level 10 in Fighting
  8966 | D:10     | Received a gift from Trog
  9131 | Lair:1   | Entered Level 1 of the Lair of Beasts
  9519 | Lair:1   | Reached skill level 5 in Dodging
 10060 | Lair:1   | Received a gift from Trog
 11159 | Lair:2   | Found a staircase to the Snake Pit.
 11724 | Lair:2   | Found a staircase to the Swamp.
 11956 | Lair:3   | Reached XP level 12. HP: 108/108 MP: 11/11
 13102 | Lair:4   | Received a gift from Trog
 13689 | Lair:4   | Received a gift from Trog
 14360 | Lair:5   | Found an ancient bone altar of Kikubaaqudgha.
 14369 | Lair:5   | Found a staircase to the Slime Pits.
 14369 | Lair:5   | Found a viscous altar of Jiyva.
 14426 | Lair:5   | Noticed a death yak
 14426 | Lair:5   | Noticed a death yak
 14426 | Lair:5   | Noticed a death yak
 14901 | Lair:5   | Noticed a death yak
 14912 | Lair:5   | Noticed a death yak
 14963 | Lair:5   | Killed a death yak
 15121 | Lair:5   | Noticed a death yak
 15122 | Lair:5   | Killed a death yak
 15135 | Lair:5   | Killed a death yak
 15137 | Lair:5   | Killed a death yak
 15139 | Lair:5   | Killed a death yak
 15139 | Lair:5   | Reached XP level 13. HP: 118/118 MP: 8/12
 15482 | Lair:6   | Entered Level 6 of the Lair of Beasts
 17345 | Lair:6   | Reached skill level 15 in Crossbows
 17519 | Lair:6   | Reached ****** piety under Trog
 17521 | Lair:6   | Received a gift from Trog
 18332 | D:11     | Reached XP level 14. HP: 95/129 MP: 9/13
 18674 | D:11     | Found an iron altar of Okawaru.
 18777 | D:11     | Noticed Grum
 18792 | D:11     | Killed Grum
 19343 | D:11     | Received a gift from Trog
 19375 | D:11     | Found a staircase to the Orcish Mines.
 19617 | Orc:1    | Entered Level 1 of the Orcish Mines
 19631 | Orc:1    | Noticed a stone giant
 19635 | Orc:1    | Killed a stone giant
 19703 | Orc:1    | Found Etzom's Armour Boutique.
 19817 | Orc:1    | Found a radiant altar of Vehumet.
 19883 | Orc:1    | Reached skill level 15 in Axes
 20113 | Orc:2    | Entered Level 2 of the Orcish Mines
 20207 | Orc:2    | Received a gift from Trog
 20239 | Orc:2    | Found a roughly hewn altar of Beogh.
 20529 | Orc:2    | Found Deuxke's Magic Scroll Shop.
 20529 | Orc:2    | Found Takapre's Armour Shoppe.
 20570 | Orc:2    | Bought a scroll of blinking for 112 gold pieces
 20584 | Orc:2    | Bought the +2 pair of gloves of the Slug {+Blink} for 427 gold pieces
 20837 | Orc:2    | Found Ynguret's Book Shoppe.
 20837 | Orc:2    | Found Huakupt's Antique Weapon Shop.
 20903 | Orc:2    | Bought a scroll of identify for 30 gold pieces
 20903 | Orc:2    | Bought a scroll of identify for 30 gold pieces
 20903 | Orc:2    | Bought a scroll of identify for 30 gold pieces
 20903 | Orc:2    | Bought a scroll of identify for 30 gold pieces
 20903 | Orc:2    | Bought a scroll of identify for 30 gold pieces
 20965 | Orc:2    | Found a staircase to the Elven Halls.
 21364 | D:12     | Noticed Maurice
 21372 | D:12     | Received a gift from Trog
 21374 | D:12     | Killed Maurice
 21543 | D:12     | Noticed Rupert
 21563 | D:12     | Killed Rupert
 21563 | D:12     | Reached skill level 10 in Armour
 21966 | D:13     | Found a gate to the Vaults.
 22188 | D:13     | Noticed Snorg
 22199 | D:13     | Killed Snorg
 22201 | D:13     | Received a gift from Trog
 22594 | D:13     | Reached XP level 15. HP: 130/139 MP: 14/14
 22601 | D:13     | Received a gift from Trog
 23441 | D:14     | Received a gift from Trog
 24114 | D:14     | Received a gift from Trog
 24130 | D:14     | Got a transparent arbalest {god gift}
 24133 | D:14     | Identified the +8 arbalest "Weyfown" {freeze, Dex+4} (Trog gifted it to you on level 14 of the Dungeon)
 24178 | D:15     | Entered Level 15 of the Dungeon
 24345 | D:15     | Reached skill level 15 in Fighting
 24349 | D:15     | Noticed Azrael
 24358 | D:15     | Killed Azrael
 24366 | D:15     | Got a fine bone ring
 24543 | D:15     | Identified the ring of the Burgomaster {+Inv rC+ EV+3} (You found it on level 15 of the Dungeon)
 24607 | D:15     | Noticed a frost giant
 24611 | D:15     | Killed a frost giant
 24612 | D:15     | Found a staircase to the Depths.
 25171 | D:15     | Found a shimmering altar of Xom.
 25266 | D:15     | Got a slimy lapis lazuli ring
 25267 | D:15     | Identified the ring "Pevyhoj" {+Blink rF+} (You found it on level 15 of the Dungeon)
 25381 | D:15     | Found an ancient bone altar of Kikubaaqudgha.
 25797 | D:15     | Reached XP level 16. HP: 150/150 MP: 15/15
 25918 | D:15     | Received a gift from Trog
 25954 | D:15     | Got a serpentine jade ring
 26103 | D:15     | Found a glowing golden altar of the Shining One.
 26183 | D:15     | Identified the ring of Bajeuveff {Int+3 SInv} (You found it on level 15 of the Dungeon)
 26455 | Swamp:1  | Entered Level 1 of the Swamp
 26474 | Swamp:1  | Got a faintly humming cloak
 26485 | Swamp:1  | Identified the +1 cloak "Holose Tuekk" {rElec rF+ rCorr} (You found it on level 1 of the Swamp)
 26815 | Swamp:1  | You fall through a shaft!
 27083 | Swamp:2  | Noticed a thorn hunter
 27099 | Swamp:2  | Killed a thorn hunter
 27347 | Swamp:2  | You fall through a shaft!
 27434 | Swamp:3  | Noticed a thorn hunter
 27441 | Swamp:3  | Killed a thorn hunter
 27992 | Swamp:2  | Noticed a thorn hunter
 28000 | Swamp:2  | Killed a thorn hunter
 28041 | Swamp:2  | Received a gift from Trog
 28055 | Swamp:2  | Noticed Aizul
 28069 | Swamp:2  | Killed Aizul
 29362 | Swamp:4  | Entered Level 4 of the Swamp
 29821 | Swamp:4  | Noticed Jorgrun
 29838 | Swamp:3  | Killed Jorgrun
 30147 | Swamp:4  | Noticed a tentacled monstrosity
 30156 | Swamp:4  | Killed a tentacled monstrosity
 30262 | Swamp:4  | Reached XP level 17. HP: 160/160 MP: 16/16
 30374 | Swamp:4  | Received a gift from Trog
 30460 | Swamp:4  | Identified a scroll of acquirement
 30539 | Swamp:4  | Got a decaying rune of Zot
 30722 | Snake:1  | Entered Level 1 of the Snake Pit
 30759 | Snake:1  | Found a frozen archway.
 30764 | IceCv    | Entered an ice cave
 30866 | IceCv    | Received a gift from Trog
 31559 | IceCv    | Noticed an Ice Fiend
 31590 | IceCv    | Killed an Ice Fiend
 32007 | IceCv    | Identified a +1 pair of boots of running (You found it in an ice cave)
 32018 | IceCv    | Got a faintly glowing hat
 32029 | IceCv    | Identified the +1 hat of the Hanged Man {rCorr Stlth+} (You found it in an ice cave)
 32305 | Snake:1  | Received a gift from Trog
 33282 | Snake:2  | Found Ruadot's Weapon Boutique.
 33673 | Snake:2  | Cast into level 3 of the Abyss (the eldritch tentacle)
 33736 | Abyss:3  | Noticed a bone dragon
 33749 | Abyss:3  | Killed a bone dragon
 34014 | Abyss:3  | Received a gift from Trog
 34021 | Snake:2  | Escaped the Abyss
 34029 | Snake:2  | HP: 8/162 [eldritch tentacle[a Zot trap] (9)]
 34031 | Snake:2  | Slain by an eldritch tentacle

Skill      XL: |  1  2  3  4  5  6  7  8  9 10 11 12 13 14 15 16 17 |
---------------+----------------------------------------------------+-----
Axes           | 4 5 6 7 8 9 10 11 13 14 16 17 19 | 19.9
Fighting       | 4 5 7 8 9 10 12 13 14 15 16 17 | 17.6
Dodging        | 3 4 5 6 7 8 9 |  9.4
Crossbows      | 1 2 3 4 6 9 11 12 14 15 16 17 18 19 | 19.1
Stealth        | 1 2 3 4 |  4.3
Armour         | 3 4 5 6 8 9 10 11 12 | 12.4

Action                   |  1- 3 |  4- 6 |  7- 9 | 10-12 | 13-15 | 16-18 || total
-------------------------+-------+-------+-------+-------+-------+-------++-------
Melee: Hand axe          |    83 |    19 |       |       |       |       ||   102
       Headbutt          |    13 |    22 |    36 |    63 |   125 |   118 ||   377
       War axe           |       |    55 |   149 |   246 |   114 |       ||   564
       Battleaxe         |       |       |       |       |   470 |   409 ||   879
 Fire: Arbalest          |     6 |    51 |   209 |   138 |       |       ||   404
       Triple crossbow   |       |       |       |    96 |   449 |   365 ||   910
Invok: Berserk           |       |     2 |       |     6 |     5 |     3 ||    16
       Trog's Hand       |       |     1 |       |       |       |       ||     1
       Burn Spellbooks   |       |       |     2 |     2 |     2 |     1 ||     7
  Use: Scroll            |       |     7 |     7 |     5 |    16 |    13 ||    48
 Stab: Sleeping          |     2 |       |     1 |       |       |       ||     3
       Distracted        |       |     1 |       |       |       |     1 ||     2
  Eat: Chunk             |     3 |     3 |     9 |    27 |    37 |    11 ||    90
       Ration            |       |     1 |     1 |     1 |     1 |     5 ||     9
Armor: Animal skin       |    12 |     1 |       |       |       |       ||    13
       Ring mail         |       |    22 |    40 |   121 |   163 |    13 ||   359
       Scale mail        |       |       |    26 |       |       |       ||    26
       Chain mail        |       |       |       |       |       |   189 ||   189
Dodge: Dodged            |    56 |    31 |   117 |   181 |   459 |   413 ||  1257
       Deflected         |       |       |     1 |     4 |       |       ||     5
